 Seeded DCSS version 0.27-a0-1228-gfd60fd639a (webtiles) character file.

Game seed: 49 (custom seed)

373 Snicker the Chopper (level 6, -2/51 HPs)
             Began as a Minotaur Gladiator on June 7, 2021.
             Was an Initiate of Qazlal.
             Slain by Grinder (8 damage)
             ... on level 4 of the Dungeon.
             The game lasted 00:04:44 (3276 turns).

Snicker the Chopper (Minotaur Gladiator)            Turns: 3276, Time: 00:04:45

Health: -2/51      AC: 12    Str: 19    XL:     6   Next: 43%
Magic:  6/6        EV:  8    Int:  5    God:    Qazlal [......]
Gold:   156        SH:  0    Dex: 13    Spells: 5/5 levels left

rFire    . . .     SeeInvis .   a - +1 hand axe (elec)
rCold    . . .     Faith    .   (no shield)
rNeg     . . .     Spirit   .   l - +0 chain mail
rPois    +         Reflect  .   c - +0 hat
rElec    .         Harm     .   e - +1 cloak {rPois}
rCorr    .         Rampage  .   (no gloves)
Will     .....                  p - +0 pair of boots
Stlth    ..........             (no amulet)
HPRegen  0.17/turn              (no ring)
MPRegen  0.10/turn              (no ring)

@: about to teleport
A: horns 2, retaliatory headbutt
a: Renounce Religion


You were on level 4 of the Dungeon.
You worshipped Qazlal.
Qazlal was noncommittal.
You visited 1 branch of the dungeon, and saw 4 of its levels.

You collected 156 gold pieces.

Inventory:

Hand Weapons
 a - a +1 hand axe of electrocution (weapon)
 k - a +0 war axe
Missiles
 d - 3 throwing nets (quivered)
Armour
 b - a +0 leather armour
 c - a +0 hat (worn)
 e - a +1 cloak of poison resistance (worn)
 l - a +0 chain mail (worn)
 p - a +0 pair of boots (worn)
Jewellery
 s - a ring of resist corrosion
Wands
 n - a wand of iceblast (10)
 r - a wand of flame (15)
Scrolls
 f - 2 scrolls of enchant armour {unknown}
 h - 6 scrolls of identify {unknown}
 j - a scroll of teleportation
 o - a scroll of vulnerability {unknown}
 q - 2 scrolls of magic mapping {unknown}
Potions
 i - a potion of brilliance {unknown}
 m - a potion of attraction {unknown}


   Skills:
 + Level 3.1 Fighting
 + Level 5.8 Axes
 + Level 2.9 Throwing
 + Level 3.3 Armour
 + Level 4.1 Dodging
 + Level 0.2 Stealth
 * Level 2.2 Invocations


You had 5 spell levels left.
You didn't know any spells.
Your spell library was empty.

Dungeon Overview and Level Annotations

Branches:
Dungeon (4/15)
 Temple: D:4-7

Altars:
Makhleb
Qazlal
Zin

Annotations:
D:4 Grinder


Innate Abilities, Weirdness & Mutations

You have a pair of horns on your head.
You reflexively headbutt those who attack you in melee.


Message History

It was a potion of curing.
You feel better.
The centaur hits you but does no damage.
The centaur closely misses you. Grinder hits you.
You writhe in agony.
The centaur hits you but does no damage.
The centaur kicks you but does no damage.
Unknown command.
Unknown command.
You hit the centaur.
The centaur is severely wounded.
You hit Grinder. The centaur barely misses you. x2
Grinder gestures at you. Pain shoots through your body!
* * * LOW HITPOINT WARNING * * *
Unknown command.
You feel better. The centaur barely misses you.
The centaur kicks you but does no damage.
Grinder gestures at you. Pain shoots through your body!
* * * LOW HITPOINT WARNING * * *
The centaur barely misses you. x2
Unknown command.
You feel better. The centaur hits you. The centaur kicks you.
* * * LOW HITPOINT WARNING * * *
Grinder hits you but does no damage.
Unknown command.
Your chain mail prevents you from hitting the centaur.
The centaur is severely wounded.
You hit Grinder.
The centaur hits you but does no damage.
The centaur barely misses you. Grinder hits you.
* * * LOW HITPOINT WARNING * * *
You writhe in agony.
* * * LOW HITPOINT WARNING * * *
The centaur barely misses you. The centaur completely misses you.
As you read the scroll labelled MIKKUN KUBOQ, it crumbles to dust.
You feel strangely unstable.
It was a scroll of teleportation.
The centaur barely misses you. The centaur kicks you.
* * * LOW HITPOINT WARNING * * *
Grinder hits you!
You die...

.....#..# #...#################.#
.....#..# #..................##.#
.....##.###....############.###.#
.....##..##....# #.# #.#
#'######.###+#.# #.# #.# #.#
#..##.#+######## #.# #.# #.#
#..##..........# #.# #.# #.#
##..#.....c...$# #.# #.# ..#
#..#....@5# ####.# #.# ..#
#####.#....+## ####'.#.# #.# ..#
#..).......# #...#...# #.# ..#
#.###...#### #.>.###.# #.# ..#
#.# #...# ..#...# #.# #.#
..####.####).# ##########.# #.#
..#..........## ...#. #.)# #.#
..#.##.#####..###.>.#. #..###.#
..# #..........#...# #......<


You could see Grinder and a centaur.

Vanquished Creatures
  2 water moccasin skeletons
  A howler monkey (D:4)
  A jelly (D:4)
  An orc priest (D:3)
  An iguana (D:4)
  Ijyb (D:4)
  Terence (D:2)
  A howler monkey skeleton (D:4)
  2 adders (D:2)
  3 worms
  5 orcs
  3 ball pythons
  9 bats
  8 endoplasms
  2 giant cockroaches
  6 goblins
  3 hobgoblins
  5 kobolds
  4 quokkas
  6 rats
65 creatures vanquished.

Vanquished Creatures (others)
  A demonic plant (D:2)
  A plant (D:2)
2 creatures vanquished.

Grand Total: 67 creatures vanquished

Notes
Turn   | Place    | Note
-------+----------+-------------------------------------------
     0 | D:1      | Snicker the Minotaur Gladiator began the quest for the Orb.
     0 | D:1      | Reached XP level 1. HP: 18/18 MP: 0/0
   143 | D:1      | Reached skill level 4 in Axes
   143 | D:1      | Reached XP level 2. HP: 25/25 MP: 1/1
   222 | D:1      | Identified a scroll of acquirement
   222 | D:1      | Acquired a +1 cloak of poison resistance
   727 | D:2      | Reached XP level 3. HP: 28/30 MP: 2/2
   809 | D:2      | Found a faded altar of an unknown god.
  1026 | D:2      | Noticed Terence
  1037 | D:2      | Killed Terence
  1038 | D:2      | Reached skill level 1 in Armour
  1038 | D:2      | Reached XP level 4. HP: 5/37 MP: 3/3
  2083 | D:3      | Found a stormy altar of Qazlal.
  2093 | D:3      | Became a worshipper of Qazlal Stormbringer
  2187 | D:3      | Reached skill level 5 in Axes
  2187 | D:3      | Reached XP level 5. HP: 32/45 MP: 4/4
  2335 | D:3      | Reached skill level 1 in Invocations
  2432 | D:3      | Found a burning altar of Makhleb.
  2742 | D:4      | Reached XP level 6. HP: 51/51 MP: 6/6
  2825 | D:4      | Noticed Ijyb
  2832 | D:4      | Killed Ijyb
  3189 | D:4      | Found a glowing silver altar of Zin.
  3263 | D:4      | Noticed Grinder
  3276 | D:4      | Slain by Grinder

Illustrated notes

Levels and vault maps discovered:
D:1:      sevenhm_arrival_forest_fort_small_4, layout_loops_ring
D:2:      layout_basic, shapermc_ecumenical_altar_gd, serial_bayou_pond_e,
          uniq_terence
D:3:      layout_loops_ring, nicolae_qazlal_eye_of_the_storm,
          lightli_temple_of_fire
D:4:      layout_basic, lemuel_crystal_altar,
          nicolae_ossuary_entry_false_entrances, uniq_ijyb, uniq_grinder

Skill      XL: |  1  2  3  4  5  6 |
---------------+-------------------+-----
Axes           | 4 5 |  5.8
Armour         | 1 2 3 |  3.3
Dodging        | 4 |  4.1
Fighting       | 3 |  3.1
Invocations    | 1 2 |  2.2
Throwing       | |  2.9
Stealth        | |  0.2

Action                   |  1- 3 |  4- 6 || total
-------------------------+-------+-------++-------
Melee: War axe           |    56 |       ||    56
       Headbutt          |    12 |    18 ||    30
       Hand axe          |       |    89 ||    89
Throw: Throwing net      |     1 |       ||     1
  Use: Scroll            |     1 |     1 ||     2
       Potion            |       |     3 ||     3
Armor: Leather armour    |    27 |     1 ||    28
       Chain mail        |       |    48 ||    48
Dodge: Dodged            |    42 |    50 ||    92

Table legend: (Time is in decaauts)
 A = Elapsed time spent in this place.
 B = Non-inter-level travel time spent in this place.
 C = Inter-level travel time spent in this place.
 D = Time resting spent in this place.
 E = Time spent auto-exploring this place.
 F = Levels seen in this place.
 G = Mean time per level.
                   A        B        C        D        E       F      G
               +--------+--------+--------+--------+--------+-----+--------+
         Total |   3303 |   3216 |     87 |    465 |   2253 |   4 |  825.8 |
       Dungeon |   3303 |   3216 |     87 |    465 |   2253 |   4 |  825.8 |
               +--------+--------+--------+--------+--------+-----+--------+

Top non-repeatable levels by time:
     D:2: 1122 daAuts
     D:4: 735 daAuts
     D:1: 732 daAuts
     D:3: 713 daAuts
